AoeStats
← Kaer Morhen

Arabia

510570318Analyzed
4v4 RM · 14h ago on Oct 1, 2026· 40m 20s· 8 players
Game mode
Random Map
Map size
Large (8 player)
Population
200
Speed
Normal
Resources
Standard
Victory
Conquest
Starting age
Dark Age
Ending age
Imperial Age
RankedLock teamsTeams togetherTeam positionsShared explorationLock speedFull tech treeHidden civsTurbo modeCheats
Victory
Defeat
🇭🇰 Franks · Hong Kong SAR China
1512
+8
🇨🇿 Saracens · Czechia
1313
+16
🇵🇱 Ethiopians · Poland
1297
+16
🇨🇿 Maya · Czechia
1193
+20
🇲🇾 Celts · Malaysia
1338
-16
🇳🇴 Mongols · Norway
1312
-15
🇦🇷 Maya · Argentina
1307
-15
🇹🇷 Cumans · Türkiye
1292
-14
Szpill
9:17 Loom
11:02 Feudal Age
16:31 Scale Barding Armor
24:41 Castle Age
23:03 Double-Bit Axe
22:59 Horse Collar
24:26 Fletching
24:36 Padded Archer Armor
26:22 Thumb Ring
26:52 Bodkin Arrow
28:12 Leather Archer Armor
28:27 Crossbowman
38:01 Gold Mining
IMPORTAINER S.A @ DaNkoN_ARG
0:27 Loom
11:22 Feudal Age
11:49 Double-Bit Axe
19:42 Fletching
21:15 Padded Archer Armor
38:35 Horse Collar
40:00 Wheelbarrow
ツ DeePDeBRiS ツ
6:37 Loom
9:19 Feudal Age
10:21 Double-Bit Axe
12:00 Horse Collar
21:20 Castle Age
20:14 Wheelbarrow
20:53 Forging
20:48 Scale Barding Armor
20:55 Bloodlines
25:48 Gold Mining
28:43 Hand Cart
28:15 Town Watch
30:54 Heavy Plow
31:11 Bow Saw
32:18 Chain Barding Armor
34:06 Gold Shaft Mining
33:21 Stone Mining
37:18 Imperial Age
35:17 Fletching
36:02 Iron Casting
37:24 Cavalier
長安
4:17 Loom
10:04 Feudal Age
10:28 Man-at-Arms
12:52 Double-Bit Axe
15:31 Fletching
19:29 Padded Archer Armor
19:57 Town Watch
24:29 Castle Age
23:00 Horse Collar
24:14 Gold Mining
26:02 Bow Saw
26:13 Stone Mining
26:26 Heavy Plow
31:01 Bodkin Arrow
34:48 Ballistics
37:02 Wheelbarrow
pavifa
0:27 Loom
8:59 Feudal Age
9:34 Double-Bit Axe
17:49 Fletching
21:40 Horse Collar
27:31 Castle Age
27:39 Crossbowman
28:25 Thumb Ring
28:16 Bodkin Arrow
29:03 Padded Archer Armor
29:37 Heavy Plow
31:52 Leather Archer Armor
32:04 Ballistics
32:06 Gold Mining
33:26 Wheelbarrow
33:48 Stone Mining
35:59 Stone Shaft Mining
35:36 Bow Saw
37:15 Hand Cart
37:29 Town Watch
38:47 Town Patrol
41:42 Imperial Age
GoodFunHaveLuck
8:06 Loom
10:03 Feudal Age
11:15 Double-Bit Axe
12:33 Fletching
14:08 Double-Bit Axe
19:58 Padded Archer Armor
25:28 Castle Age
26:48 Wheelbarrow
26:07 Crossbowman
26:52 Thumb Ring
26:44 Bodkin Arrow
27:05 Leather Archer Armor
35:12 Bow Saw
Kaer Morhen
4:05 Loom
10:34 Feudal Age
11:36 Horse Collar
13:37 Double-Bit Axe
17:41 Castle Age
17:18 Bloodlines
17:52 Wheelbarrow
18:10 Forging
20:20 Husbandry
21:29 Scale Barding Armor
24:24 Iron Casting
26:23 Hand Cart
25:57 Town Watch
32:39 Caravan
33:20 Gold Mining
37:59 Chain Barding Armor
kenny yip
6:11 Loom
9:12 Feudal Age
9:44 Double-Bit Axe
14:25 Wheelbarrow
18:42 Forging
19:04 Scale Barding Armor
23:08 Castle Age
21:30 Gold Mining
23:17 Light Cavalry
24:19 Chain Barding Armor
24:34 Iron Casting
24:15 Bow Saw
25:09 Husbandry
27:01 Town Watch
31:46 Hand Cart
34:53 Imperial Age
33:07 Stone Mining
33:52 Gold Shaft Mining
36:42 Plate Barding Armor
35:31 Cavalier
39:40 Paladin
Connection lost

Rejoining the realm…

Still unreachable

The connection could not be restored.

Session expired

The server has moved on; the page needs a fresh start.